 Dungeon Crawl Stone Soup version 0.29.1-2-gbd0b4ee654 (webtiles) character file.

Game seed: 9481106922411774265

1462 LustLizard the Insei (level 8, -14/54 HPs)
             Began as an Octopode Transmuter on Nov 29, 2022.
             Demolished by an ogre
             ... wielding a +0 giant club
              (15 damage)
             ... on level 5 of the Dungeon on Nov 30, 2022.
             The game lasted 00:11:46 (7921 turns).

LustLizard the Insei (Octopode Transmuter)          Turns: 7921, Time: 00:11:47

Health: -14/54     AC:  1    Str:  9    XL:     8   Next: 77%
Magic:  11/11      EV: 13    Int: 18    God:
Gold:   301        SH:  0    Dex: 12    Spells: 4/11 levels left

rFire   . . .      SeeInvis .     - Unarmed
rCold   . . .      Faith    .   (no shield)
rNeg    . . .      Spirit   .   (helmet currently unavailable)
rPois   .          Reflect  .   o - amulet of magic regeneration
rElec   .          Harm     .   (no ring)
rCorr   .          Rampage  .   (no ring)
Will    .....                   (no ring)
Stlth   ++........              (no ring)
HPRegen 0.18/turn               (no ring)
MPRegen 0.52/turn               (no ring)
                                (no ring)
                                (no ring)

@: appendages, wereblooded
A: tentacle spike 3, almost no armour, amphibious, 8 rings, camouflage 1,
gelatinous body 1, (nimble swimmer 1), tentacles
a: End Transformation


You were on level 5 of the Dungeon.
One of your tentacles had grown a beastly spike.
You visited 1 branch of the dungeon, and saw 6 of its levels.

You collected 301 gold pieces.

Inventory:

Jewellery
 o - an amulet of magic regeneration (around mantle)
Scrolls
 b - a scroll of summoning {unknown}
 d - a scroll of magic mapping {unknown}
 f - 2 scrolls of fog {unknown}
 g - 4 scrolls of identify {unknown}
 h - a scroll of poison {unknown}
 j - a scroll of vulnerability {unknown}
 k - a scroll of enchant armour {unknown}
 l - 2 scrolls of teleportation {unknown}
Potions
 a - 2 potions of lignification
 c - 2 potions of heal wounds
 e - 3 potions of curing {unknown}
 i - 2 potions of berserk rage {unknown}
 m - 2 potions of ambrosia {unknown}
 n - a potion of flight {unknown}
 p - a potion of degeneration {unknown}
 q - a potion of mutation {unknown}


   Skills:
 + Level 4.7 Fighting
 - Level 2.0 Dodging
 + Level 6.0 Unarmed Combat
 - Level 2.0 Spellcasting
 + Level 5.6 Transmutations
 * Level 5.5 Ice Magic


You had 4 spell levels left.
You knew the following spells:

 Your Spells              Type           Power      Damage    Failure   Level
a - Beastly Appendage     Tmut           44%        N/A       1%          1
b - Wereblood             Tmut           22%        N/A       2%          2
c - Ice Form              Ice/Tmut       22%        N/A       19%         4

Your spell library contained the following spells:

 Spells                   Type           Power      Damage    Failure   Level
 Spider Form              Tmut/Pois      12%        N/A       17%         3
 Sublimation of Blood     Necr           1%         N/A       26%         2
 Petrify                  Tmut/Erth      12%        N/A       50%         4
 Irradiate                Conj/Tmut      6%         3d13      83%         5


Dungeon Overview and Level Annotations

Branches:
Dungeon (6/15)             Temple (0/1) D:6

Altars:

Shops:
D:1 [


Innate Abilities, Weirdness & Mutations

One of your tentacles has grown a beastly spike.
You cannot wear most types of armour.
You are amphibious.
You can wear up to eight rings at the same time.
Your skin changes colour to match your surroundings (Stealth+).
Your rubbery body absorbs attacks. (AC +1, EV +1)
((You are camouflaged when in or above water. (Stealth+)))
You have tentacles for arms and can constrict up to eight enemies at once.


Message History

There is a stone staircase leading up, spattered with blood here.
The centaur shoots an arrow.
The arrow hits you!
* * * LOW HITPOINT WARNING * * *
You climb upwards.
There is a stone staircase leading down here.
Your transformation is almost over.
Your tentacle spike disappears.
An ogre is nearby!
You start resting.
An ogre is nearby!
You start resting.
An ogre is nearby!
The ogre shouts!
Casting: Beastly Appendage (safe; 1% risk of failure)
Confirm with . or Enter, or press ? or * to list all spells.
One of your tentacles grows a vicious spike.
Casting: Beastly Appendage (safe; 1% risk of failure)
Confirm with . or Enter, or press ? or * to list all spells.
Your blood is infused with primal strength.
You tentacle-slap the ogre but do no damage.
You pierce the ogre.
The ogre is lightly wounded.
The ogre hits you with a +0 giant club!!
You barely miss the ogre.
You pierce the ogre.
The ogre is moderately wounded.
You tentacle-slap the ogre but do no damage.
Your tentacle spike misses the ogre.
Your squeeze misses the ogre.
The ogre is moderately wounded.
The ogre hits you with a +0 giant club!!
Ouch! That really hurt!
* * * LOW HITPOINT WARNING * * *
You tentacle-slap the ogre.
Your tentacle spike misses the ogre.
The ogre is heavily wounded.
The ogre closely misses you.
You tentacle-slap the ogre.
You pierce the ogre.
The ogre is severely wounded.
You tentacle-slap the ogre.
Your tentacle spike misses the ogre.
The ogre is severely wounded.
The ogre hits you with a +0 giant club!
You die...

.......#.# #.##....O.#
#.####.#.# #.##.####.#
#.####.#.####.##.####.###
#..........##...........#
###....#.#.#####........###
##.....#.#.# #............#
.........#.###..........#.#
#.........>..#..O......[#.#
#..........<....@..######.#
##......##.#.###...# #O#
###.....##.#.####.## #.#
........##.#...##.# #.#
#######......#.##.# #.# #
#####......#.##.# #.# #
#........[.#.##.#######.#
###.##.....)>........O....#
....##......)..#[.#########


You could see an ogre.

Vanquished Creatures
  Sigmund (D:4)
  Menkaure (D:4)
  A necrophage (D:6)
  7 scorpions
  A jelly (D:5)
  2 hounds
  2 orc priests
  A gnoll bouda (D:5)
  4 iguanas
  2 orc wizards
  Robin (D:3)
  10 adders
  13 gnolls
  3 worms
  4 dart slugs
  18 orcs
  6 ball pythons
  9 endoplasms
  3 giant cockroaches
  18 goblins
  15 hobgoblins
  4 quokkas
  14 bats
  A frilled lizard (D:3)
  3 kobolds
  4 rats
148 creatures vanquished.

Vanquished Creatures (others)
  3 fungi (D:4)
  A plant (D:4)
4 creatures vanquished.

Grand Total: 152 creatures vanquished

Notes
Turn   | Place    | Note
-------+----------+-------------------------------------------
     0 | D:1      | LustLizard the Octopode Transmuter began the quest for the
                  | Orb.
     0 | D:1      | Reached XP level 1. HP: 13/13 MP: 3/3
   133 | D:1      | Found a faded altar of an unknown god.
   274 | D:1      | Reached XP level 2. HP: 18/18 MP: 3/5
   557 | D:1      | Learned a level 2 spell: Wereblood
   909 | D:1      | Found Qianuseo's Antique Armour Boutique.
  1230 | D:1      | Reached XP level 3. HP: 21/23 MP: 6/6
  2174 | D:2      | Reached XP level 4. HP: 23/29 MP: 5/7
  3072 | D:3      | Reached skill level 4 in Unarmed Combat
  3148 | D:3      | Noticed Robin
  3155 | D:3      | Killed Robin
  3156 | D:3      | Reached XP level 5. HP: 17/34 MP: 4/8
  3478 | D:3      | Learned a level 4 spell: Ice Form
  3958 | D:3      | Reached XP level 6. HP: 39/41 MP: 9/9
  3975 | D:4      | Noticed Menkaure
  4102 | D:4      | Reached skill level 1 in Ice Magic
  4222 | D:4      | Reached XP level 7. HP: 29/46 MP: 8/10
  4240 | D:4      | Reached skill level 5 in Unarmed Combat
  4640 | D:4      | Noticed Sigmund
  4789 | D:4      | Killed Sigmund
  5076 | D:4      | Reached skill level 5 in Transmutations
  5076 | D:4      | Reached XP level 8. HP: 49/54 MP: 11/11
  5499 | D:5      | Entered Level 5 of the Dungeon
  6651 | D:6      | Found a staircase to the Ecumenical Temple.
  6665 | D:5      | Reached skill level 5 in Ice Magic
  7612 | D:4      | Killed Menkaure
  7696 | D:6      | Reached skill level 6 in Unarmed Combat
  7918 | D:5      | HP: 1/54 [ogre/+0 giant club (27)]
  7921 | D:5      | Demolished by an ogre

Illustrated notes

Levels and vault maps discovered:
D:1:      psy_arrival_fountain, layout_loops_ring, serial_shops,
          nicolae_square_shop, ebering_ecumenical_altar_abandoned
D:2:      layout_basic, kennysheep_generic_room_15
D:3:      layout_rooms, chequers_serial_rivers_micro_b, uniq_robin
D:4:      old_forge, layout_basic, nrook_mini_backslash, uniq_sigmund,
          uniq_menkaure
D:5:      layout_loops_ring, serial_glass, glass_columns_c, glass_columns_a,
          glass_columns_a, glass_columns_a, minivault_25
D:6:      layout_cave_pools, nicolae_dithmenos_the_darkroom,
          minmay_temple_entry_statues_fountains

Skill      XL: |  1  2  3  4  5  6  7  8 |
---------------+-------------------------+-----
Transmutations | 3 4 5 |  5.6
Fighting       | 2 3 4 |  4.7
Unarmed Combat | 4 5 6 |  6.0
Ice Magic      | 2 4 5 |  5.5
Dodging        | |  2.0
Spellcasting   | |  2.0

Action                   |  1- 3 |  4- 6 |  7- 9 || total
-------------------------+-------+-------+-------++-------
Melee: Unarmed           |    70 |   132 |   145 ||   347
       Constrict         |    17 |    32 |    43 ||    92
       Kick              |    18 |    37 |    51 ||   106
       Tentacles         |    13 |    33 |    44 ||    90
       Punch             |     3 |     3 |     7 ||    13
 Cast: Beastly Appendage |    15 |    15 |    19 ||    49
       Wereblood         |       |    10 |     8 ||    18
  Use: Potion            |       |       |     1 ||     1
 Stab: Sleeping          |     7 |     4 |     3 ||    14
       Distracted        |     1 |     1 |       ||     2
       Held in net/web   |       |       |     1 ||     1
Armor: Skin              |     4 |    11 |    17 ||    32
Dodge: Dodged            |    33 |    62 |   107 ||   202
